 Dungeon Crawl Stone Soup version 0.30-a0-121-gb27577e5d9 (webtiles) character file.

Game seed: 7758814224051063997

300906 enile the Eclecticist (level 20, -10/139 HPs)
             Began as a Deep Elf Necromancer on Sept 14, 2022.
             Was a High Priest of Ashenzari.
             Killed from afar by an ironbound thunderhulk (33 damage)
             ... with a bolt of lightning
             ... on level 1 of the Vaults.
             The game lasted 02:21:03 (62116 turns).

enile the Eclecticist (Deep Elf Necromancer)       Turns: 62116, Time: 02:21:04

Health: -10/139    AC: 14    Str:  9    XL:     20   Next: 18%
Magic:  41/55      EV: 21    Int: 30    God:    Ashenzari [*****.]
Gold:   2108       SH:  5    Dex: 15    Spells: 12/59 levels left

rFire   . . .      SeeInvis +    t - +1 double sword of Ashenzari's Yoke {venom, Evo, Bglg} (curse)
rCold   . . .      Faith    .    P - +0 buckler of Toth-Mos's Legacy {Comp, Evo} (curse)
rNeg    . . .      Spirit   .    m - +0 leather armour of Ashenzari's Soothsayer {+Blink, Fort, Evo} (curse)
rPois   .          Reflect  .    F - +0 helmet "I Knew You'd Do That" {Fort, Cun} (curse)
rElec   .          Harm     .    g - scarf of the Eternal Paranoia {repulsion, Elem, Cun} (curse)
rCorr   .          Rampage  .    a - +1 pair of gloves of the Chained Augur {Stlth+, Comp, Range} (curse)
Will    ++...      Clarity  +    u - +0 pair of boots of Curses and Power {Str+4, Alch, Range} (curse)
Stlth   ++++++....               H - amulet of Supernal Understanding {RegenMP, Elem, Self} (curse)
HPRegen 1.13/turn                B - ring "Bound Shame" {AC+4, Elem, Melee} (curse)
MPRegen 0.74/turn                X - ring of magical power

@: studying 4 skills, repel missiles
A: iridescent scales 1, sense surroundings 1, regeneration 1
}: 2/15 runes: barnacled, gossamer
a: Renounce Religion, Evoke Blink, Curse Item, Shatter the Chains


You were on level 1 of the Vaults.
You worshipped Ashenzari.
Ashenzari was extremely pleased with you.
You visited 7 branches of the dungeon, and saw 34 of its levels.
You also visited: Sewer, Ossuary, Gauntlet and Ice Cave.

You collected 4066 gold pieces.
You spent 1958 gold pieces at shops.

Inventory:

Hand Weapons
 t - the cursed +1 double sword of Ashenzari's Yoke (weapon) {venom, Evo, Bglg}
   (You found it on level 12 of the Dungeon)

   It poisons the flesh of those it strikes.
   It has a curse which improves the following skills: Evocations: Evocations.
   Beguiling: Conjurations, Hexes and Translocations.
Missiles
 y - 16 curare-tipped darts
 S - 9 throwing nets
Armour
 a - the cursed +1 pair of gloves of the Chained Augur (worn) {Stlth+, Comp, Range}
   (You found it on level 12 of the Dungeon)

   It has a curse which improves the following skills: Companions: Summonings
   and Necromancy.
   Ranged Combat: Ranged Weapons and Throwing.
 g - the cursed scarf of the Eternal Paranoia (worn) {repulsion, Elem, Cun}
   (You found it in a Gauntlet)

   It has a curse which improves the following skills: Elements: Fire Magic, Ice
   Magic, Air Magic and Earth Magic.
   Cunning:   Dodging and Stealth.
 j - an orb of mayhem
 m - the cursed +0 leather armour of Ashenzari's Soothsayer (worn) {+Blink, Fort, Evo}
   (You found it on level 2 of the Dungeon)

   +Blink:    It lets you blink.
   It has a curse which improves the following skills: Fortitude: Armour and
   Shields.
   Evocations: Evocations.
 u - the cursed +0 pair of boots of Curses and Power (worn) {Str+4, Alch, Range}
   (You acquired it on level 13 of the Dungeon)

   Str:       It affects your strength (+4).
   It has a curse which improves the following skills: Alchemy: Poison Magic and
   Transmutations.
   Ranged Combat: Ranged Weapons and Throwing.
 F - the cursed +0 helmet "I Knew You'd Do That" (worn) {Fort, Cun}
   (You found it on level 5 of the Dungeon)

   It has a curse which improves the following skills: Fortitude: Armour and
   Shields.
   Cunning:   Dodging and Stealth.
 P - the cursed +0 buckler of Toth-Mos's Legacy (worn) {Comp, Evo}
   (You took it off a gnoll sergeant on level 9 of the Dungeon)

   It has a curse which improves the following skills: Companions: Summonings
   and Necromancy.
   Evocations: Evocations.
 T - a +1 hat of intelligence
Jewellery
 q - a ring of wizardry
 B - the cursed ring "Bound Shame" (left hand) {AC+4, Elem, Melee}
   (You found it on level 5 of the Dungeon)

   [ring of protection]

   AC:        It affects your AC (+4).
   It has a curse which improves the following skills: Elements: Fire Magic, Ice
   Magic, Air Magic and Earth Magic.
   Melee Combat: Short Blades, Long Blades, Axes, Maces & Flails, Polearms,
   Staves and Unarmed Combat.
 C - a ring of resist corrosion
 H - the cursed amulet of Supernal Understanding (around neck) {RegenMP, Elem, Self}
   (You took it off an orc priest on level 7 of the Dungeon)

   [amulet of magic regeneration]

   It increases your rate of magic regeneration.
   It has a curse which improves the following skills: Elements: Fire Magic, Ice
   Magic, Air Magic and Earth Magic.
   Introspection: Fighting and Spellcasting.
 L - a +6 ring of intelligence
 X - a ring of magical power (right hand)
Wands
 E - a wand of iceblast (7)
 M - a wand of paralysis (30)
 N - a wand of mindburst (22)
 O - a wand of digging (5)
 W - a wand of acid (15)
 Y - a wand of flame (40)
Scrolls
 c - 3 scrolls of torment
 d - 7 scrolls of fear (quivered)
 h - 2 scrolls of fog
 k - 13 scrolls of vulnerability
 n - 8 scrolls of enchant armour
 o - 6 scrolls of blinking
 w - 6 scrolls of amnesia
 x - 16 scrolls of teleportation
 A - 5 scrolls of poison
 I - 4 scrolls of enchant weapon
 Z - a scroll of magic mapping
Potions
 b - 4 potions of magic
 e - 5 potions of attraction
 f - 4 potions of cancellation
 i - 15 potions of curing
 l - 5 potions of might
 p - 8 potions of heal wounds
 r - 9 potions of brilliance
 s - 2 potions of resistance
 v - 6 potions of flight
 z - 4 potions of lignification
 G - 8 potions of mutation
 J - 7 potions of berserk rage
 V - 4 potions of haste
Miscellaneous
 D - a condenser vane
 K - a phantom mirror (inert)
 Q - a box of beasts
 R - a phial of floods
 U - a tin of tremorstones (1/2)


   Skills:
 - Level 16.8(19.0) Fighting
 - Level 5.4(9.6) Short Blades
 - Level 8.1(11.0) Long Blades
 - Level 3.4(6.4) Armour
 + Level 16.1(19.4) Dodging
 - Level 8.5(12.0) Stealth
 - Level 2.6(5.4) Shields
 - Level 17.8(20.0) Spellcasting
 - Level 6.0(8.3) Conjurations
 - Level 6.0(8.3) Hexes
 - Level 16.7(20.0) Necromancy
 - Level 2.6(6.1) Ice Magic
 - Level 16.6(21.0) Earth Magic
 - Level 11.5(16.0) Evocations


You had 12 spell levels left.
You knew the following spells:

 Your Spells              Type           Power      Damage    Failure   Level
a - Borgnjor's Vile Clut  Necr/Erth      50%        N/A       0%          5
b - Anguish               Hex/Necr       43%        N/A       1%          4
c - Iron Shot             Conj/Erth      43%        9d8       1%          6
d - Dispel Undead         Necr           100%       3d31      0%          4
e - Summon Guardian Gole  Hex/Summ       54%        N/A       1%          3
g - Death Channel         Necr           50%        N/A       1%          6
h - Simulacrum            Ice/Necr       41%        N/A       1%          6
i - Call Canine Familiar  Summ           32%        N/A       5%          3
j - Animate Dead          Necr           100%       N/A       0%          4
k - Statue Form           Tmut/Erth      50%        N/A       4%          6

Your spell library contained the following spells:

 Spells                   Type           Power      Damage    Failure   Level
 Necrotise                Necr           100%       1d9       0%          1
 Sandblast                Erth           100%       2d20      0%          1
 Sublimation of Blood     Necr           100%       N/A       0%          2
 Stone Arrow              Conj/Erth      100%       3d13      0%          3
 Vampiric Draining        Necr           100%       2d13      0%          3
 Agony                    Necr           100%       N/A       0%          5
 Lee's Rapid Deconstruct  Erth           51%        3d25*     0%          5
 Apportation              Tloc           62%        N/A       1%          1
 Shock                    Conj/Air       100%       1d9       1%          1
 Summon Small Mammal      Summ           100%       N/A       1%          1
 Static Discharge         Conj/Air       100%       3-10/arc  1%          2
 Dazzling Flash           Conj/Hex       100%       N/A       1%          3
 Frozen Ramparts          Ice            100%       1d16      1%          3
 Mephitic Cloud           Conj/Pois/Air  48%        N/A       1%          3
 Ozocubu's Armour         Ice            61%        N/A       1%          3
 Animate Armour           Summ/Erth      100%       N/A       1%          4
 Fulminant Prism          Conj/Hex       34%        3d16      1%          4
 Hailstorm                Conj/Ice       65%        3d14      1%          4
 Petrify                  Tmut/Erth      76%        N/A       1%          4
 Wereblood                Tmut           31%        N/A       3%          2
 Flame Wave               Conj/Fire      54%        2d13      3%          4
 Iskenderun's Mystic Bla  Conj/Tloc      54%        2d12      3%          4
 Metabolic Englaciation   Hex/Ice        32%        N/A       3%          5
 Borgnjor's Revivificati  Necr           50%        N/A       3%          8
 Swiftness                Air            33%        N/A       4%          3
 Ignite Poison            Fire/Tmut/Pois 32%        N/A       5%          3
 Kindle Blastsparks       Fire/Tloc/Air  66%        2d15      5%          3
 Summon Ice Beast         Ice/Summ       49%        N/A       5%          4
 Ice Form                 Ice/Tmut       49%        N/A       6%          4
 Freezing Cloud           Conj/Ice/Air   28%        6-21      8%          5
 Summon Mana Viper        Hex/Summ       54%        N/A       10%         5
 Airstrike                Air            16%        2d(3-19)  17%         4
 Lehudib's Crystal Spear  Conj/Erth      43%        10d11     34%         8
 Alistair's Intoxication  Tmut/Pois      20%        N/A       47%         5
 Conjure Ball Lightning   Conj/Air       27%        3x3d8     47%         6
 Starburst                Conj/Fire      27%        6d9       47%         6
 Death's Door             Necr           50%        N/A       52%         9
 Ozocubu's Refrigeration  Ice            30%        4d14      83%         7
 Necromutation            Tmut/Necr      37%        N/A       92%         8
 Eringya's Noxious Bog    Tmut/Pois      15%        N/A       96%         6
 Spellforged Servitor     Conj/Summ      27%        N/A       97%         7
 Discord                  Hex            34%        N/A       99%         8
 Monstrous Menagerie      Summ           16%        N/A       100%        7
 Summon Hydra             Summ           16%        N/A       100%        7
 Disjunction              Tloc           15%        N/A       100%        8
 Chain Lightning          Conj/Air       27%        3d36      100%        9


Dungeon Overview and Level Annotations

Branches:
Dungeon (15/15)            Temple (0/1) D:7            Lair (5/5) D:10
 Shoals (4/4) Lair:2       Spider (4/4) Lair:2        Slime (0/5) Lair:4
    Orc (2/2) D:9             Elf (3/3) Orc:2        Vaults (1/5) D:13
 Depths (0/4) D:15          Sewer (visited)         Ossuary (visited)
  IceCv (visited)         Gauntlet (visited)

Altars:
Ashenzari
Fedhas
Gozag
Hepliaklqana
Kikubaaqudgha
Makhleb
Qazlal
Ru
Trog
Uskayaw
Vehumet
Wu Jian
Xom
Yredelemnul
Zin
The Shining One
Jiyva

Shops:
D:1 [*[   D:12 =   Orc:2 !([(   Elf:1 *   Elf:2 !:[[

Annotations:
D:9 2 transporters
D:13 1 runed translucent door, kairosrom117's ghost, journeyman DrFE
D:14 1 runed translucent door, LnG's ghost, journeyman HOFi
Lair:2 1 runed translucent door, Nexocug's ghost, journeyman MiFi
Shoals:3 exclusion: kraken
Spider:1 2 runed translucent doors, ytrimaz's ghost, adept OgTm
Orc:2 1 runed translucent door, Sweeb's ghost, journeyman TeGl


Innate Abilities, Weirdness & Mutations

You are partially covered in iridescent scales. (AC +2)
You passively map a small area around you.
Your natural rate of healing is unusually fast.


Message History

The centaur warrior kicks your vault guard zombie.
Strange energies crackle from the ironbound thunderhulk's apparatus.
The ironbound thunderhulk blinks!
The deep troll bites your vault guard zombie!
The deep troll claws your vault guard zombie!!
Your vault guard zombie is destroyed!
Electricity crackles from the ironbound thunderhulk's apparatus.
The bolt of lightning misses you.
Strange energies crackle from the ironbound thunderhulk's apparatus.
The ironbound thunderhulk blinks!
Electricity crackles from the ironbound thunderhulk's apparatus.
The bolt of lightning hits you!!!
The centaur warrior wields a +0 shortbow.
The centaur warrior shoots an arrow.
The arrow hits your vault sentinel zombie!
There is a large open door here.
The orc knight closely misses your vault sentinel zombie.
The centaur warrior shoots an arrow.
The arrow hits your vault sentinel zombie!
Electricity crackles from the ironbound thunderhulk's apparatus.
The bolt of lightning misses you.
Aiming: Phantom Mirror
Press: ? - help, Dir - move target, f - ironbound thunderhulk
Aim: an ironbound thunderhulk, wielding a +0 dire flail and wearing a +0 animal skin (lightly wounded, ally target)
You reflect the ironbound thunderhulk with the mirror!
The mirror clouds!
The centaur warrior shoots an arrow.
The arrow completely misses you.
The deep troll bites your vault sentinel zombie!
The deep troll claws your vault sentinel zombie!
Your vault sentinel zombie is destroyed!
Electricity crackles from the ironbound thunderhulk's apparatus.
The bolt of lightning hits you!!
* * * LOW HITPOINT WARNING * * *
Your ironbound thunderhulk hits the ironbound thunderhulk with a +0 dire flail!
You close the large door.
The great orb of eyes pulsates ominously.
An orc knight opens the large door.
Electricity crackles from the ironbound thunderhulk's apparatus.
The bolt of lightning hits you!!
You die...

, , ,,*,, , *
...#.......### ,, , * ,
....#.......### * ** *
#############.......###
,,
,,,...........).......###
,,, , ,
,.....).)...........### *
* * * #.......##########
#.......#######
#....)..######
#..@....### ###c'########
##.GoT.....?. ,* ***
**##.p..Z...... * *
{#.....O.O... , , ,,,,
.#........... ,, ,* *
#.O......... *, , ,
#..)........ , , * * **
#..........., ' ,,


You could see 2 ironbound thunderhulks, an orc knight, a great orb of eyes, a
centaur warrior, a deep troll, a wizard, a friendly ironbound thunderhulk
(summoned, drained) and a friendly dire elephant zombie.

Vanquished Creatures
  Jorgrun (Shoals:1)
  Mlioglotl (Spider:3)
  3 deep elf blademasters
  2 deep elf master archers (Elf:3)
  A sphinx (Vaults:1)
  Roxanne (D:15)
  Polyphemus (Shoals:3)
  A kraken (Shoals:2)
  Kirke (Spider:1)
  2 deep elf sorcerers (Elf:3)
  Aizul (Spider:2)
  A frost giant (IceCv)
  5 ghost moths
  4 deep elf elementalists (Elf:3)
  Louise (Spider:3)
  An orc warlord (Orc:1)
  An ironbound preserver (Vaults:1)
  An ironbound thunderhulk (Vaults:1)
  5 broodmothers
  A war gargoyle (Vaults:1)
  4 deep elf demonologists
  5 deep elf annihilators
  3 entropy weavers
  2 dire elephants (Lair:5)
  A spark wasp (Lair:2)
  An ettin (Orc:1)
  8 merfolk impalers
  Snorg (Lair:5)
  5 deep elf death magi (Elf:3)
  5 merfolk javelineers
  An ice dragon (D:8)
  A deep elf high priest (Elf:3)
  A great orb of eyes (Vaults:1)
  3 merfolk avatars
  2 catoblepae
  2 rakshasas (D:15)
  A peacekeeper (Vaults:1)
  3 vault guards (D:13)
  3 two-headed ogres
  9 centaur warriors
  6 hydras
  A radroach (Spider:2)
  4 merfolk aquamancers
  An ironbound frostheart (Vaults:1)
  5 boulder beetles
  10 death yaks
  3 tengu warriors
  24 dancing weapons
  2 satyrs (Shoals:3)
  15 deep elf knights
  2 orc high priests
  A sun moth (Spider:2)
  4 skeletal warriors (D:13)
  5 pharaoh ants
  3 deep trolls (Vaults:1)
  7 steelbarb worms
  21 sea snakes
  10 orb spiders
  A glowing orange brain (D:15)
  An obsidian statue (Lair:5)
  A spectral anaconda (Lair:5)
  6 deep elf archers
  3 orc knights
  26 harpies
  4 necromancers (Lair:5)
  22 deep elf zephyrmancers
  4 ironbound convokers (Vaults:1)
  Pikel (D:6)
  17 manticores
  23 deep elf pyromancers
  3 orc sorcerers
  15 wolf spiders
  7 cyclopes
  5 elephants (Lair:5)
  2 ugly things
  3 vault sentinels (Vaults:1)
  19 fauns
  A molten gargoyle (Gauntlet)
  2 moths of wrath (Spider:2)
  Joseph (D:7)
  An elf zombie (Elf:3)
  3 black mambas
  A dire elephant zombie (Lair:5)
  A rust devil (D:10)
  An ice statue (IceCv)
  5 water nymphs
  4 merfolk sirens
  An orange demon (D:11)
  5 torpor snails
  3 gargoyles
  An unseen horror (D:13)
  4 demonic crawlers
  4 cane toads
  A yaktaur (D:13)
  Maggie (D:6)
  An efreet (D:14)
  3 rime drakes
  4 trolls
  5 komodo dragons
  2 tengu conjurers (D:8)
  3 freezing wraiths
  7 wind drakes
  A meliai (shapeshifter) (D:8)
  21 merfolk
  14 tarantellas
  7 polar bears
  8 slime creatures
  12 blink frogs
  11 snapping turtles
  A raiju (shapeshifter) (D:8)
  15 dream sheep
  14 culicivoras
  A centaur simulacrum (D:15)
  3 wraiths
  14 jumping spiders
  5 shadows
  4 wyverns
  6 air elementals
  14 water elementals
  Eustachio (D:4)
  17 yaks
  3 basilisks
  5 fire elementals (Elf:2)
  2 steam dragons
  A death yak simulacrum (Lair:4)
  38 redbacks
  5 vampire mosquitoes
  2 humans (shapeshifter)
  Menkaure (D:7)
  A merfolk zombie (Shoals:4)
  2 wargs (Orc:1)
  An acid dragon (D:8)
  8 water moccasins
  A floating eye (shapeshifter) (Elf:2)
  An ice beast (D:5)
  A black bear (Lair:1)
  39 orc warriors
  A sky beast (D:6)
  An elephant zombie (Lair:5)
  21 wolves
  5 ogres
  An elephant skeleton (Lair:5)
  17 centaurs
  4 lemures (D:6)
  A necrophage (D:6)
  3 kobold brigands
  10 scorpions
  9 earth elementals (Elf:2)
  10 bullfrogs
  2 cane toad simulacra (Lair:5)
  4 wights
  A yak zombie (IceCv)
  18 killer bees
  2 elephant simulacra
  4 howler monkeys
  3 centaur zombies
  4 hounds
  A quasit (D:11)
  3 human zombies (Ossuary)
  A bullfrog zombie (D:7)
  9 orc priests
  A gnoll bouda (D:7)
  5 iguanas
  24 orc wizards
  3 polar bear simulacra (Lair:4)
  A wolf simulacrum (Lair:4)
  2 mummies (Ossuary)
  8 gnolls
  8 adders
  4 river rats (Sewer)
  3 white imps
  A dart slug (D:1)
  58 orcs
  10 ball pythons
  8 bats
  2 endoplasms
  3 giant cockroaches
  4 hobgoblins
  4 quokkas
  3 training dummies (Shoals:4)
  5 frilled lizards
  2 gnoll zombies (Ossuary)
  6 goblins
  A goblin zombie (Ossuary)
  A hobgoblin zombie (Ossuary)
  18 kobolds
  2 kobold zombies (Ossuary)
  3 orc zombies
  15 rats
  A tentacle (Shoals:2)
1069 creatures vanquished.

Vanquished Creatures (collateral kills)
  Gastronok (D:11)
  A kraken (Shoals:1)
  2 broodmothers (Spider:4)
  2 dire elephants
  A deep elf death mage (Elf:3)
  A deep elf high priest (Elf:1)
  A vault guard (Vaults:1)
  2 hydras
  A dancing weapon (Elf:2)
  A merfolk aquamancer (Shoals:4)
  2 boulder beetles
  4 death yaks (Lair:3)
  A deep elf knight (Elf:1)
  A spectral death yak (Lair:5)
  6 sea snakes
  2 pharaoh ants (Spider:4)
  A steelbarb worm (Spider:4)
  2 orb spiders (Spider:4)
  A deep troll (Vaults:1)
  A deep elf archer (Elf:2)
  4 harpies
  5 deep elf zephyrmancers
  A phantasmal warrior (Vaults:1)
  2 ugly things
  A deep elf pyromancer (Elf:2)
  3 wolf spiders
  A manticore (Shoals:1)
  A vault sentinel (Vaults:1)
  3 cane toads
  A molten gargoyle (Gauntlet)
  A black mamba (Lair:3)
  A rime drake (Lair:4)
  A merfolk (Shoals:1)
  A troll (Orc:2)
  6 polar bears
  5 tarantellas
  7 blink frogs
  2 slime creatures
  6 dream sheep
  2 snapping turtles (Shoals:1)
  3 jumping spiders
  6 culicivoras
  A water elemental (Shoals:4)
  A wyvern (Lair:2)
  11 yaks
  Grum (D:11)
  A fire elemental (Elf:2)
  A death yak simulacrum (Lair:5)
  15 redbacks
  4 water moccasins
  2 orc warriors
  An elf zombie (Elf:1)
  An ogre (shapeshifter) (D:15)
  3 centaurs
  7 wolves
  A necrophage (D:4)
  A gnoll sergeant (D:9)
  A howler monkey (D:11)
  A jelly (D:7)
  A hound (D:5)
  An orc priest (D:9)
  A gnoll bouda (D:9)
  An orc wizard (Orc:2)
  A scorpion zombie (Ossuary)
  6 gnolls
  A river rat (Sewer)
  2 adders (Sewer)
  A dart slug (D:1)
  7 orcs
  4 ball pythons
  An endoplasm (D:1)
  2 frilled lizards
  A gnoll zombie (Ossuary)
  3 kobolds
  A kobold zombie (Ossuary)
  5 rats (Sewer)
  3 tentacles (Shoals:1)
192 creatures vanquished.

Vanquished Creatures (others)
  Bai Suzhen (Spider:3)
  An emperor scorpion (Spider:4)
  A very ugly thing (D:15)
  A spark wasp (Spider:1)
  A minotaur (Gauntlet)
  A vault guard (D:13)
  3 centaur warriors
  2 merfolk aquamancers
  2 death yaks (Lair:3)
  A deep elf knight (Elf:1)
  2 pharaoh ants
  A steelbarb worm (Spider:4)
  4 deep elf archers (Elf:1)
  A wizard (D:13)
  3 wolf spider zombies
  2 broodmother zombies (Spider:4)
  A deep elf pyromancer (Elf:1)
  A harpy (Vaults:1)
  4 wolf spiders
  2 deep elf zephyrmancers (Elf:1)
  3 manticores
  An elephant (Lair:5)
  A dire elephant zombie (Lair:5)
  A black mamba (Lair:2)
  A torpor snail (Lair:5)
  6 cane toads
  A death yak zombie (Lair:3)
  A gargoyle (D:10)
  2 sea snake zombies (Shoals:4)
  2 unseen horrors
  A yaktaur (D:13)
  9 redback zombies
  3 human zombies (Vaults:1)
  2 steelbarb worm zombies (Spider:4)
  2 komodo dragons (Lair:2)
  A hydra zombie (Lair:3)
  2 trolls
  2 merfolk
  2 polar bears (IceCv)
  Prince Ribbit (D:8)
  A hornet (D:9)
  6 blink frogs
  A dream sheep (Lair:5)
  2 jumping spider zombies
  3 tarantella zombies
  2 culicivora zombies
  A snapping turtle (Shoals:2)
  3 shadows (Gauntlet)
  A vampire (D:10)
  2 wyverns
  A culicivora (Spider:4)
  13 yaks
  2 wraiths
  2 basilisks
  4 redbacks (Spider:3)
  A warg (Orc:2)
  4 deep troll zombies (Vaults:1)
  An acid dragon (D:11)
  A cane toad zombie (Lair:5)
  A merfolk zombie (Shoals:4)
  5 orc warriors
  8 dream sheep zombies (Lair:5)
  A black bear (D:6)
  A snapping turtle zombie (Shoals:4)
  An ogre (D:7)
  7 blink frog zombies
  2 elephant zombies (Lair:5)
  32 elf zombies
  6 centaurs
  3 wolves (IceCv)
  A torpor snail zombie (Lair:5)
  2 bullfrogs
  A scorpion (D:5)
  2 wyvern zombies
  A gnoll sergeant (D:10)
  A warg zombie (Orc:2)
  A water moccasin zombie (Lair:5)
  9 yak zombies
  A polar bear zombie (IceCv)
  2 troll zombies (Orc:2)
  3 killer bees
  A wolf zombie (IceCv)
  A centaur zombie (D:11)
  3 orc priests
  3 scorpion zombies (Ossuary)
  2 iguanas (D:10)
  2 orc wizards
  3 killer bee zombies
  An ogre zombie (Orc:2)
  A hound zombie (D:4)
  A mummy (Ossuary)
  5 gnolls
  An iguana zombie (D:10)
  42 orc zombies
  9 orcs
  2 frilled lizard zombies (D:10)
  2 kobold zombies (D:10)
  A rat zombie (Sewer)
  A river rat zombie (Sewer)
  A bush (Lair:3)
  5 demonic plants (D:11)
  21 fungi
  146 plants
  30 tentacles
  41 withered plants
546 creatures vanquished.

Grand Total: 1807 creatures vanquished

Notes
Turn   | Place    | Note
-------+----------+-------------------------------------------
     0 | D:1      | enile the Deep Elf Necromancer began the quest for the Orb.
     0 | D:1      | Reached XP level 1. HP: 10/10 MP: 6/6
    46 | D:1      | Reached skill level 1 in Fighting
    51 | D:1      | Reached XP level 2. HP: 16/16 MP: 2/8
   108 | D:1      | Found Xikoarph's Antique Armour Boutique.
   379 | D:1      | Got Dareja's Directory of Summoned Exhumation
   582 | D:1      | Reached XP level 3. HP: 20/21 MP: 1/9
   668 | D:1      | Found Basisch's Antique Armour Shoppe.
   671 | D:1      | Found Ruejuan's General Store.
   734 | D:1      | Bought a scroll of identify for 24 gold pieces
   914 | D:2      | Reached skill level 4 in Spellcasting
  1210 | D:2      | Found a blossoming altar of Fedhas.
  1221 | D:2      | Identified the +0 leather armour "Faecaep" {+Blink}
  1707 | D:2      | Learned a level 3 spell: Vampiric Draining
  2081 | D:3      | Identified the +9 mace of the Arcadian God {antimagic,
                  | *Corrode Str+5}
  2117 | D:3      | Reached XP level 4. HP: 26/26 MP: 10/12
  2171 | D:3      | Found a faded altar of an unknown god.
  2437 | D:3      | Prayed at the altar of an unknown god.
  2437 | D:3      | Became a worshipper of Ashenzari the Shackled
  2508 | D:3      | Identified the +2 dagger "Buqutuf" {drain, rPois rF+ Str-5
                  | Stlth+}
  2858 | D:4      | Learned a level 4 spell: Animate Dead
  2910 | D:4      | Noticed a necrophage
  2917 | D:4      | Killed a necrophage
  2918 | D:4      | Reached skill level 5 in Spellcasting
  2945 | D:4      | Reached XP level 5. HP: 20/30 MP: 12/14
  2945 | D:4      | Found a glowing drain.
  2955 | Sewer    | Entered a sewer
  3047 | Sewer    | Reached skill level 5 in Necromancy
  3728 | Sewer    | Reached XP level 6. HP: 18/37 MP: 11/15
  4019 | Sewer    | Reached skill level 1 in Armour
  4322 | Sewer    | Reached * piety under Ashenzari
  4612 | D:4      | Found a burning altar of Makhleb.
  4693 | D:4      | Reached skill level 1 in Short Blades
  5023 | D:5      | Entered Level 5 of the Dungeon
  5044 | D:5      | Reached XP level 7. HP: 25/43 MP: 1/16
  5187 | D:5      | Found a sand-covered staircase.
  5308 | Ossuary  | Entered an ossuary
  5396 | Ossuary  | Learned a level 4 spell: Anguish
  5637 | Ossuary  | Reached skill level 5 in Fighting
  6746 | Ossuary  | Reached XP level 8. HP: 41/51 MP: 2/17
  6814 | Ossuary  | Reached skill level 1 in Evocations
  7170 | D:5      | Reached ** piety under Ashenzari
  7183 | D:5      | Found a broken altar of Ashenzari.
  7495 | D:5      | Reached skill level 6 in Spellcasting
  7833 | D:5      | Reached skill level 7 in Spellcasting
  7833 | D:5      | Reached skill level 1 in Hexes
  7999 | D:6      | Noticed Maggie
  8013 | D:6      | Killed Maggie
  8014 | D:6      | Reached XP level 9. HP: 42/55 MP: 18/21
  8273 | D:6      | Found an opulent altar of Gozag.
  9044 | D:6      | Found a glowing silver altar of Zin.
  9184 | D:7      | Noticed Pikel
  9867 | D:7      | Found a staircase to the Ecumenical Temple.
  9868 | D:7      | Gained mutation: You are dopey. (Int -2) [potion of
                  | mutation]
  9869 | D:7      | Lost mutation: You are dopey. (Int -2) [potion of mutation]
 10110 | D:7      | Reached skill level 8 in Spellcasting
 10169 | D:7      | Noticed Joseph
 10558 | D:8      | Reached *** piety under Ashenzari
 10716 | D:8      | Learned a level 3 spell: Summon Guardian Golem
 10809 | D:8      | Found a glowing golden altar of the Shining One.
 10956 | D:8      | Noticed Prince Ribbit
 10967 | D:8      | Killed Prince Ribbit
 10968 | D:8      | Reached XP level 10. HP: 56/66 MP: 25/25
 11198 | D:9      | Found a viscous altar of Jiyva.
 11502 | D:9      | Found a bloodstained altar of Trog.
 11621 | D:9      | Found an ancient bone altar of Kikubaaqudgha.
 11627 | D:9      | Found a blossoming altar of Fedhas.
 12057 | D:9      | Found a transporter.
 12059 | D:9      | Found a transporter.
 12073 | D:9      | Noticed a glowing orange brain
 12266 | D:9      | Found a staircase to the Orcish Mines.
 12457 | D:9      | Found a hide-covered altar of Uskayaw.
 12579 | D:9      | Noticed a manticore
 12587 | D:9      | Killed a manticore
 13030 | D:9      | Paralysed by a hornet for 1 turns
 13747 | D:9      | Found a hazy altar of Hepliaklqana.
 13875 | D:10     | Entered Level 10 of the Dungeon
 13993 | D:10     | Reached skill level 1 in Shields
 14376 | D:10     | Reached skill level 5 in Short Blades
 14531 | D:10     | Noticed a gargoyle
 14537 | D:10     | Killed a gargoyle
 14538 | D:10     | Reached XP level 11. HP: 38/74 MP: 19/26
 14733 | D:10     | Reached skill level 10 in Fighting
 15228 | D:10     | Found a staircase to the Lair.
 15395 | D:10     | Learned a level 5 spell: Borgnjor's Vile Clutch
 15741 | D:10     | Reached skill level 1 in Earth Magic
 16055 | Lair:1   | Entered Level 1 of the Lair of Beasts
 16168 | Lair:1   | Reached skill level 9 in Spellcasting
 16716 | Lair:1   | Reached skill level 10 in Spellcasting
 16938 | Lair:1   | Learned a level 6 spell: Death Channel
 17733 | Lair:2   | Reached **** piety under Ashenzari
 18563 | Lair:2   | Reached skill level 10 in Necromancy
 18579 | Lair:2   | Reached XP level 12. HP: 66/82 MP: 28/30
 18692 | Lair:2   | Reached skill level 5 in Earth Magic
 18876 | Lair:2   | Found a staircase to the Shoals.
 19061 | Lair:2   | Found a hole to the Spider Nest.
 19370 | Lair:2   | Found a runed translucent door.
 19457 | Lair:2   | Noticed Nexocug's ghost (journeyman MiFi)
 19698 | Lair:3   | Noticed an eight-headed hydra
 20212 | Lair:3   | Reached skill level 11 in Spellcasting
 20457 | Lair:3   | Reached skill level 12 in Spellcasting
 20602 | Lair:3   | Reached skill level 5 in Evocations
 20831 | Lair:3   | Noticed a death yak
 20832 | Lair:3   | Noticed a death yak
 20834 | Lair:3   | Noticed a death yak
 20838 | Lair:3   | Noticed a death yak
 20838 | Lair:3   | Noticed a death yak
 20841 | Lair:3   | Killed a death yak
 21167 | Lair:2   | Killed an eight-headed hydra
 21204 | Lair:2   | Killed a death yak
 21411 | Lair:3   | Noticed a five-headed hydra
 21413 | Lair:3   | Noticed a death yak
 21414 | Lair:3   | Noticed a boulder beetle
 21416 | Lair:3   | Noticed a death yak
 21418 | Lair:3   | Killed a five-headed hydra
 21419 | Lair:3   | Noticed a death yak
 21419 | Lair:3   | Noticed a death yak
 21420 | Lair:3   | Noticed a death yak
 21429 | Lair:3   | Killed a death yak
 21431 | Lair:3   | Killed a death yak
 21436 | Lair:3   | Killed a boulder beetle
 21438 | Lair:3   | Killed a death yak
 21454 | Lair:3   | Killed a death yak
 21457 | Lair:3   | Killed a death yak
 21532 | Lair:3   | Noticed a four-headed hydra
 21540 | Lair:3   | Killed a four-headed hydra
 21541 | Lair:3   | Reached skill level 5 in Hexes
 21541 | Lair:3   | Reached XP level 13. HP: 71/90 MP: 18/33
 22083 | Lair:4   | Found a frozen archway.
 22159 | IceCv    | Entered an ice cave
 23149 | IceCv    | Noticed a frost giant
 23178 | IceCv    | Killed a frost giant
 24082 | Lair:4   | Found a staircase to the Slime Pits.
 24331 | Lair:5   | Entered Level 5 of the Lair of Beasts
 24377 | Lair:5   | Reached skill level 10 in Dodging
 24639 | Lair:5   | Reached XP level 14. HP: 39/96 MP: 13/34
 24986 | Lair:5   | Learned a level 6 spell: Simulacrum
 25495 | Lair:5   | Noticed Snorg
 25507 | Lair:5   | Killed Snorg
 25972 | Lair:5   | Identified the +7 short sword "Evalihapp" {speed, Stlth+}
 28094 | Orc:1    | Entered Level 1 of the Orcish Mines
 28173 | Orc:2    | Entered Level 2 of the Orcish Mines
 28174 | Orc:2    | Noticed an orc warlord
 28701 | D:11     | Reached skill level 10 in Earth Magic
 28806 | D:11     | Found a hide-covered altar of Uskayaw.
 29157 | D:11     | Noticed Gastronok
 29172 | D:11     | Killed Gastronok
 29173 | D:11     | Reached skill level 13 in Spellcasting
 29299 | D:11     | Noticed Grum
 29311 | D:11     | Killed Grum
 29833 | D:12     | Found a gate leading to a gauntlet.
 29843 | Gauntlet | Entered a Gauntlet
 29843 | Gauntlet | Found a transporter.
 29885 | Gauntlet | Found a runed translucent door.
 29887 | Gauntlet | Found a transporter.
 29889 | Gauntlet | Found a runed translucent door.
 29899 | Gauntlet | Found a transporter.
 29903 | Gauntlet | Found a transporter.
 29919 | Gauntlet | Found a transporter.
 29919 | Gauntlet | Identified the ring "Kejo" {*Slow rC++ MP+9}
 29932 | Gauntlet | Found a runed translucent gate.
 29933 | Gauntlet | Found a transporter.
 29933 | Gauntlet | Found a runed translucent gate.
 29936 | Gauntlet | Found a transporter.
 29940 | Gauntlet | Found a transporter.
 29946 | Gauntlet | Found a runed translucent gate.
 29961 | Gauntlet | Identified the +0 cloak of the Amoeba {rF+}
 29963 | Gauntlet | Found a transporter.
 29980 | Gauntlet | Found a transporter.
 29984 | Gauntlet | Found a transporter.
 29984 | Gauntlet | Identified the +1 helmet of Moneraum {Fly rC+}
 29992 | Gauntlet | Found a transporter.
 30114 | Gauntlet | Learned a level 3 spell: Call Canine Familiar
 30322 | Gauntlet | Reached skill level 14 in Spellcasting
 31034 | D:12     | Found Huomyto's Jewellery Boutique.
 31444 | Orc:1    | Killed an orc warlord
 31880 | Orc:2    | Found a staircase to the Elven Halls.
 32046 | Orc:2    | Reached XP level 15. HP: 79/100 MP: 7/37
 33309 | Orc:2    | Found a runed translucent door.
 33309 | Orc:2    | Noticed Sweeb's ghost (journeyman TeGl)
 33962 | Orc:2    | Found Eqogg's Weapon Emporium.
 33962 | Orc:2    | Found Dohagg's Armour Shop.
 33964 | Orc:2    | Found Rel Hoch's Weapon Boutique.
 33966 | Orc:2    | Found Zuekhant's Distillery.
 33978 | Orc:2    | Bought a potion of flight for 51 gold pieces
 33978 | Orc:2    | Bought a potion of haste for 170 gold pieces
 33978 | Orc:2    | Bought a potion of curing for 51 gold pieces
 33978 | Orc:2    | Bought a potion of might for 68 gold pieces
 33978 | Orc:2    | Bought a potion of heal wounds for 85 gold pieces
 33978 | Orc:2    | Bought a potion of heal wounds for 85 gold pieces
 34970 | D:13     | Found a runed translucent door.
 34973 | D:13     | Noticed kairosrom117's ghost (journeyman DrFE)
 35209 | D:13     | Identified 3 scrolls of acquirement
 36281 | D:13     | Found a gate to the Vaults.
 36579 | D:13     | Acquired the +0 pair of boots "Tuapisaulo" {Str+4}
 36598 | D:13     | Acquired Cerebov's Writings on Blasting and Vapour
 36607 | D:13     | Learned a level 6 spell: Iron Shot
 36607 | D:13     | Acquired the Secrets of Stolen Souls
 36932 | D:14     | Reached skill level 1 in Conjurations
 40244 | D:14     | Found an ornate altar of the Wu Jian Council.
 40690 | D:14     | Reached skill level 5 in Conjurations
 40817 | D:14     | Found a shimmering altar of Xom.
 40817 | D:14     | Noticed LnG's ghost (journeyman HOFi)
 40821 | D:14     | Found a runed translucent door.
 41799 | D:7      | Noticed Menkaure
 41803 | D:7      | Killed Menkaure
 41803 | D:7      | Killed Joseph
 42139 | D:4      | Noticed Eustachio
 42154 | D:4      | Killed Eustachio
 42343 | D:4      | Found a basalt altar of Yredelemnul.
 42412 | D:4      | Found a stormy altar of Qazlal.
 42434 | D:4      | Found a radiant altar of Vehumet.
 42534 | D:4      | Found a sacrificial altar of Ru.
 42741 | D:6      | Killed Pikel
 43176 | D:15     | Entered Level 15 of the Dungeon
 43289 | D:15     | Gained mutation: You are frail. (-10% HP) [potion of
                  | mutation]
 43290 | D:15     | Lost mutation: You are frail. (-10% HP) [potion of
                  | mutation]
 43290 | D:15     | Gained mutation: You are occasionally teleported next to
                  | monsters. [potion of mutation]
 43291 | D:15     | Lost mutation: You are occasionally teleported next to
                  | monsters. [potion of mutation]
 43291 | D:15     | Gained mutation: You passively map a small area around you.
                  | [potion of mutation]
 43291 | D:15     | Gained mutation: You are partially covered in iridescent
                  | scales. (AC +2) [potion of mutation]
 43291 | D:15     | Gained mutation: Your natural rate of healing is unusually
                  | fast. [potion of mutation]
 43312 | D:15     | Reached skill level 15 in Spellcasting
 43877 | D:15     | Reached ***** piety under Ashenzari
 44105 | D:15     | Found a staircase to the Depths.
 44268 | D:15     | Identified Roxanne's Atlas of the Boulder
 44268 | D:15     | Noticed Roxanne
 44277 | D:15     | Killed Roxanne
 44332 | D:15     | Learned a level 6 spell: Statue Form
 44495 | Spider:1 | Entered Level 1 of the Spider Nest
 44532 | Lair:2   | Reached XP level 16. HP: 97/108 MP: 25/40
 45347 | Spider:1 | Found a large runed translucent door.
 45348 | Spider:1 | Found a large runed translucent door.
 45349 | Spider:1 | Noticed ytrimaz's ghost (adept OgTm)
 45676 | Spider:1 | Noticed Kirke
 45691 | Spider:1 | Killed Kirke
 45691 | Spider:1 | Identified the cursed scarf of the Eternal Paranoia
                  | {repulsion, Elem, Cun} (You found it in a Gauntlet)
 45691 | Spider:1 | Identified the cursed +0 helmet "I Knew You'd Do That"
                  | {Fort, Cun} (You found it on level 5 of the Dungeon)
 45691 | Spider:1 | Identified the cursed +1 pair of gloves of the Chained
                  | Augur {Stlth+, Comp, Range} (You found it on level 12 of
                  | the Dungeon)
 45691 | Spider:1 | Identified the cursed +0 buckler of Toth-Mos's Legacy
                  | {Comp, Evo} (You took it off a gnoll sergeant on level 9 of
                  | the Dungeon)
 45691 | Spider:1 | Identified the cursed ring "Bound Shame" {AC+4, Elem,
                  | Melee} (You found it on level 5 of the Dungeon)
 46874 | Spider:2 | Reached skill level 1 in Long Blades
 47352 | Spider:3 | Noticed Louise
 47352 | Spider:3 | Noticed Aizul
 47382 | Spider:2 | Killed Aizul
 47559 | Spider:3 | Killed Louise
 47657 | Spider:3 | Noticed Mlioglotl
 47824 | Spider:3 | Noticed a tentacled starspawn
 47824 | Spider:3 | Noticed a bone dragon
 47824 | Spider:3 | Noticed a bone dragon
 47954 | Shoals:1 | Entered Level 1 of the Shoals
 48373 | Shoals:1 | Reached skill level 1 in Ice Magic
 48376 | Shoals:1 | Noticed a kraken
 48383 | Shoals:1 | Killed a kraken
 48531 | Shoals:1 | Noticed Jorgrun
 48542 | Shoals:1 | Killed Jorgrun
 48679 | Shoals:1 | Reached XP level 17. HP: 112/115 MP: 10/41
 49192 | Shoals:2 | Reached skill level 15 in Necromancy
 49462 | Shoals:2 | Noticed a kraken
 50244 | Shoals:2 | Killed a kraken
 50668 | Shoals:3 | Noticed a kraken
 50769 | Shoals:3 | Noticed Polyphemus
 51405 | Shoals:3 | Reached skill level 15 in Earth Magic
 51500 | Shoals:3 | Killed Polyphemus
 51929 | Shoals:4 | Entered Level 4 of the Shoals
 51950 | Shoals:4 | Found Vucaigio's Firing Range.
 52340 | Shoals:4 | Reached skill level 10 in Evocations
 52763 | Shoals:4 | Reached XP level 18. HP: 120/120 MP: 39/42
 52955 | Shoals:4 | Reached skill level 16 in Spellcasting
 53322 | Shoals:4 | Got a barnacled rune of Zot
 53680 | Spider:3 | Reached skill level 5 in Stealth
 54074 | Spider:3 | Noticed Bai Suzhen
 54081 | Spider:3 | Killed Bai Suzhen
 54092 | Spider:3 | Killed Mlioglotl
 54667 | Spider:4 | Entered Level 4 of the Spider Nest
 54949 | Spider:4 | Reached skill level 17 in Spellcasting
 55644 | Spider:4 | Got a gossamer rune of Zot
 56412 | Elf:1    | Entered Level 1 of the Elven Halls
 56693 | Elf:1    | Identified the +8 great mace of the Shining Light {spect,
                  | Fly}
 56999 | Elf:1    | Reached skill level 15 in Fighting
 56999 | Elf:1    | Reached XP level 19. HP: 124/128 MP: 36/45
 57387 | Elf:1    | Found Viczepn's Assorted Antiques.
 57409 | Elf:1    | Bought a scroll of blinking for 262 gold pieces
 57409 | Elf:1    | Bought a tourmaline ring for 175 gold pieces
 57660 | Elf:2    | Found a huge runed translucent gate.
 57660 | Elf:2    | Found a huge runed translucent gate.
 57678 | Elf:2    | Found a huge runed translucent gate.
 57678 | Elf:2    | Found a huge runed translucent gate.
 57679 | Elf:2    | Found a huge runed translucent gate.
 57735 | Elf:2    | Reached skill level 5 in Long Blades
 57986 | Elf:2    | Found Nynuum's Book Shoppe.
 58278 | Elf:2    | Found Lotayw's Distillery.
 58285 | Elf:2    | Bought a potion of curing for 42 gold pieces
 58285 | Elf:2    | Bought a potion of magic for 112 gold pieces
 58296 | Elf:2    | Paralysed by an air elemental for 1 turns
 58300 | Elf:2    | Paralysed by an air elemental for 1 turns
 58307 | Elf:2    | Paralysed by an air elemental for 1 turns
 58309 | Elf:2    | Paralysed by an air elemental for 1 turns
 58317 | Elf:2    | Paralysed by an air elemental for 1 turns
 58320 | Elf:2    | Paralysed by an air elemental for 1 turns
 58322 | Elf:2    | Paralysed by an air elemental for 1 turns
 58672 | Elf:2    | Found Upogas's Antique Armour Shoppe.
 58889 | Elf:2    | Found Hugiceuczyd's Antique Armour Shop.
 58942 | Elf:2    | Bought an ichor-stained robe for 222 gold pieces
 58942 | Elf:2    | Identified the +4 robe of the Pits of Slime {rPois rC-
                  | Str+2} (You bought it in a shop on level 2 of the Elven
                  | Halls)
 58942 | Elf:2    | Bought a shiny helmet for 292 gold pieces
 58942 | Elf:2    | Bought a runed robe for 144 gold pieces
 58942 | Elf:2    | Bought a chain mail for 175 gold pieces
 59753 | Elf:3    | Entered Level 3 of the Elven Halls
 60096 | Elf:3    | Identified the ring of Cowardice {rElec rF- AC+4 Dex+3}
 60100 | Elf:3    | Noticed a Tzitzimitl
 61132 | Elf:3    | Identified the amulet "Dor Dyef" {rN+ Regen+ Dex+4}
 61205 | Elf:3    | Identified the +11 plate armour "Eloof" {rElec rC- Int+10
                  | Stlth+}
 61211 | Elf:3    | Identified the Guide on Freezing Moulding
 61217 | Elf:3    | Identified the Almanac of Congealing Combat Magic
 61294 | Elf:3    | Learned a level 4 spell: Dispel Undead
 61643 | Vaults:1 | Entered Level 1 of the Vaults
 61807 | Vaults:1 | Reached XP level 20. HP: 139/139 MP: 39/46
 61881 | Vaults:1 | Reached skill level 15 in Dodging
 62116 | Vaults:1 | Killed from afar by an ironbound thunderhulk

Illustrated notes

Levels and vault maps discovered:
D:1:      dpeg_arrival_short_road, layout_rooms, serial_shops, shop, shop, shop
D:2:      layout_loops_ring, basic_altar
D:3:      layout_loops_cross, chequers_ecumenical_altar_lobes, moated_statue
D:4:      layout_basic, gammafunk_temple_overflow_statue, lemuel_round_altar,
          mainiacjoe_overflow_alcove_2, general_overflow_altar,
          portal_sewer_entry_d, uniq_eustachio
D:5:      nicolae_cairo_tiling_large, layout_loops_cross,
          mainiacjoe_overflow_cross_hatched, chequers_ossuary_entry_cave
D:6:      layout_loops_cross, zin_academy, mainiacjoe_overflow_24_doors,
          minmay_misc_feat_secret_circle, uniq_maggie
D:7:      layout_rooms, minmay_temple_entry_wispy, corexii_leaking_fountain,
          uniq_menkaure, uniq_pikel, uniq_joseph
D:8:      minmay_klotski, layout_rooms, kennysheep_little_box,
          uniq_prince_ribbit1
D:9:      gammafunk_jiyva_shrine, layout_layer_cave, trog_three_pillars_becter,
          kennysheep_mini_moat, lemuel_crystal_altar, fedhas_altar_3,
          lemuel_doored_altar, minmay_orc_entry_temple_small,
          chequers_serial_rivers_small_3, minmay_variable_closet,
          grunt_ministairs_5, minmay_puff
D:10:     layout_basic, lair_entry_dummy, minmay_lizard_king
D:11:     layout_basic, serial_demonic, serial_demonic_e, serial_demonic_g,
          serial_demonic_d, serial_demonic_a, nicolae_uskayaw_en_pointe,
          uniq_gastronok, uniq_grum
D:12:     layout_rooms, serial_shops, nicolae_shop_crystal,
          gauntlet_entry_generic
D:13:     layout_loops_ring, grunt_vaults_entry_fortified, serial_rivers,
          chequers_serial_rivers_micro_e, chequers_serial_rivers_micro_d,
          chequers_serial_rivers_large_b, chequers_serial_rivers_micro_c,
          ebering_ghost_reflecting_pool
D:14:     layout_cave_pools, ebering_ghost_xom, nicolae_wu_jian_wuxing_cycle
D:15:     gammafunk_enter_depths_forms, layout_cave_pods, nrook_campfire,
          uniq_roxanne
Lair:1:   layout_cave_pods, infiniplex_staircase_pool_2
Lair:2:   layout_chaotic_city, minmay_shoals_entry_centaurs,
          spider_nest_entry_a, ebering_ghost_reflecting_pool
Lair:3:   layout_loops_ring, hangedman_lair_unloving_vines, grunt_megastairs_2
Lair:4:   layout_roguey, dpeg_slime_entry_enclosed,
          portal_ice_cave_entry_ice_simulacra
Lair:5:   due_jungle_book, layout_regular_city, uniq_snorg
Shoals:1: layout_shoals, uniq_jorgrun
Shoals:2: cheibrodos_shoals_three_sisters, layout_shoals,
          nicolae_shoals_square_sea_wall
Shoals:3: layout_shoals, uniq_polyphemus
Shoals:4: shoals_end_hangedman, layout_shoals, nicolae_shop_firing_range
Spider:1: cheibrodos_forgotten_conduit, ebering_ghost_disaster_area, uniq_kirke
Spider:2: layout_chambers
Spider:3: layout_spider_delve, drop_trap, uniq_bai_suzhen, uniq_louise,
          uniq_mlioglotl, uniq_aizul
Spider:4: hellmonk_spider_rune_endless_swarm
Orc:1:    layout_diamond_mine
Orc:2:    st_orc_rangers, layout_diamond_mine, ebering_ghost_inner_flame
Elf:1:    minmay_elf_arrival_summoners, layout_geoelf_grid, serial_shops, shop,
          hangedman_elf_represent
Elf:2:    elven_hall_of_blades_hangedman_alternative [nicolae_blade_tridents],
          layout_gridlike, serial_shops, nicolae_diamond_shop,
          nicolae_shop_hallway_plus, nicolae_shop_hallway_plus, shop,
          nicolae_elf_loose_elemental_storage
Elf:3:    elf_hall, layout_onion_city
Vaults:1: nicolae_vaults_asterisk, v_misc_29, nicolae_vaults_big_ls,
          ontoclasm_vaults_ring_square, hangedman_vaults_stitches,
          vaults_room_fancy_cross, nicolae_vaults_network_periphery,
          v_pattern_4, vaults_dpeg_hooks, serial_ice_g, vaults_dpeg_diagonal,
          nicolae_vaults_diagonal_hallway_7, vaults_room_grunt_arrival_ludios,
          ontoclasm_vaults_pinch, ontoclasm_vaults_ring_small,
          layout_vaults_omnicross

Skill      XL: |  1  2  3  4  5  6  7  8  9 10 11 12 13 14 15 16 17 18 19 20 |
---------------+-------------------------------------------------------------+-----
Fighting       | 1 2 3 4 6 7 9 10 12 13 15 16 | 16.8
Spellcasting   | 4 5 7 8 10 12 14 15 17 | 17.8
Dodging        | 4 6 10 12 13 16 | 16.1
Necromancy     | 5 7 10 11 13 14 16 | 16.7
Armour         | 1 2 3 |  3.4
Short Blades   | 2 3 5 |  5.4
Evocations     | 1 3 6 9 11 | 11.5
Hexes          | 3 4 5 6 |  6.0
Stealth        | 4 8 |  8.5
Shields        | 1 2 |  2.6
Earth Magic    | 4 6 8 10 12 13 15 16 | 16.6
Conjurations   | 6 |  6.0
Long Blades    | 4 8 |  8.1
Ice Magic      | 2 |  2.6

Action                   |  1- 3 |  4- 6 |  7- 9 | 10-12 | 13-15 | 16-18 | 19-21 || total
-------------------------+-------+-------+-------+-------+-------+-------+-------++-------
Melee: Dagger            |    16 |    64 |   363 |   413 |   438 |    10 |       ||  1304
       Punch             |       |     2 |     3 |     1 |       |       |       ||     6
       Double sword      |       |       |       |       |       |   137 |   142 ||   279
       Unarmed           |       |       |       |       |       |     3 |       ||     3
 Cast: Necrotise         |    63 |    49 |    22 |    32 |       |       |       ||   166
       Animate Dead      |       |     4 |    18 |    20 |    14 |     9 |     9 ||    74
       Vampiric Draining |       |     3 |       |       |       |       |       ||     3
       Anguish           |       |       |    38 |    98 |   154 |    54 |    15 ||   359
       Summon Guardian G |       |       |       |     9 |    11 |     1 |       ||    21
       Borgnjor's Vile C |       |       |       |    55 |   350 |   307 |    76 ||   788
       Death Channel     |       |       |       |     4 |     9 |     4 |     1 ||    18
       Simulacrum        |       |       |       |       |    13 |    15 |    14 ||    42
       Call Canine Famil |       |       |       |       |     3 |       |     1 ||     4
       Iron Shot         |       |       |       |       |    79 |   393 |   174 ||   646
       Statue Form       |       |       |       |       |       |       |     1 ||     1
Invok: Curse Item        |       |     2 |     3 |     1 |     3 |     1 |       ||    10
       Shatter the Chain |       |       |       |       |     1 |       |       ||     1
 Abil: Evoke Blink       |       |     2 |     1 |     2 |    11 |     3 |     2 ||    21
Evoke: Wand              |       |       |       |     3 |     8 |     3 |       ||    14
       Phial of floods   |       |       |       |       |     5 |     1 |     2 ||     8
       Tin of tremorston |       |       |       |       |     2 |     7 |     1 ||    10
       Condenser vane    |       |       |       |       |       |       |     2 ||     2
       Box of beasts     |       |       |       |       |       |       |     1 ||     1
       Phantom mirror    |       |       |       |       |       |       |     1 ||     1
  Use: Scroll            |     6 |     9 |     2 |     5 |    10 |     8 |     1 ||    41
       Potion            |     1 |     2 |     7 |     1 |    14 |     5 |       ||    30
 Stab: Sleeping          |       |       |     5 |     2 |     5 |     3 |     3 ||    18
       Distracted        |       |       |       |     1 |     3 |     1 |     2 ||     7
Armor: Robe              |     7 |       |       |       |       |       |       ||     7
       Leather armour    |     2 |    22 |   126 |   127 |   198 |   157 |    50 ||   682
       Skin              |       |       |       |       |       |       |    24 ||    24
Dodge: Dodged            |    32 |    64 |   275 |   313 |   668 |   555 |   262 ||  2169
       Repelled          |       |       |       |       |       |    18 |    12 ||    30
Block: Buckler           |       |       |       |    80 |   213 |   165 |    61 ||   519

Table legend: (Time is in decaauts)
 A = Elapsed time spent in this place.
 B = Non-inter-level travel time spent in this place.
 C = Inter-level travel time spent in this place.
 D = Time resting spent in this place.
 E = Time spent auto-exploring this place.
 F = Levels seen in this place.
 G = Mean time per level.
                   A        B        C        D        E       F      G
               +--------+--------+--------+--------+--------+-----+--------+
         Total |  62391 |  58421 |   3970 |   4191 |  43932 |  38 | 1641.9 |
       Dungeon |  24707 |  22279 |   2428 |   2314 |  17037 |  15 | 1647.1 |
          Lair |  11026 |  10506 |    520 |    641 |   8444 |   5 | 2205.2 |
        Shoals |   5820 |   5649 |    171 |    221 |   4065 |   4 | 1455.0 |
   Spider Nest |   5847 |   5395 |    452 |    252 |   3818 |   4 | 1461.8 |
  Orcish Mines |   3751 |   3538 |    213 |    496 |   2342 |   2 | 1875.5 |
   Elven Halls |   5121 |   4940 |    181 |    239 |   3536 |   3 | 1707.0 |
        Vaults |    472 |    471 |      1 |      0 |    295 |   1 |  472.0 |
         Sewer |   1644 |   1644 |      0 |      0 |   1356 |   1 | 1644.0 |
       Ossuary |   1762 |   1762 |      0 |     25 |   1331 |   1 | 1762.0 |
      Ice Cave |   1416 |   1416 |      0 |      3 |   1178 |   1 | 1416.0 |
      Gauntlet |    819 |    819 |      0 |      0 |    527 |   1 |  819.0 |
               +--------+--------+--------+--------+--------+-----+--------+

Top non-repeatable levels by time:
    D:13: 6152 daAuts
  Lair:5: 3613 daAuts
     D:9: 3043 daAuts
  Lair:1: 2729 daAuts
    D:10: 2374 daAuts
   Elf:2: 2339 daAuts
  Lair:2: 2298 daAuts
   Orc:1: 1985 daAuts
     D:6: 1883 daAuts
   Orc:2: 1765 daAuts
 Ossuary: 1762 daAuts
Spider:2: 1753 daAuts
Shoals:2: 1733 daAuts
   Sewer: 1644 daAuts
Shoals:4: 1599 daAuts
